 Dungeon Crawl Stone Soup version 0.31-a0-321-g19405a7a6a (webtiles) character file.

Game seed: 4019527042836176192

30 LustLizard the Changeling (level 3, 19/25 HPs)
             Began as an Octopode Shapeshifter on July 18, 2023.
             Was a Follower of Makhleb.
             Quit the game on level 2 of the Dungeon.
             The game lasted 00:01:39 (904 turns).

LustLizard the Changeling (Octopode Shapeshifter)    Turns: 904, Time: 00:01:40

Health: 19/25      AC:  1    Str: 16    XL:     3   Next: 20%
Magic:  3/3        EV: 13    Int: 10    God:    Makhleb [*.....]
Gold:   123        SH:  0    Dex: 12    Spells: 2/2 levels left

rFire   . .          .
                       - Unarmed
rCold   . . .        (no shield)
rNeg    . . .        (helmet currently unavailable)
rPois   .            (no amulet)
rElec   .            (no ring)
rCorr   .            (no ring)
SInv    .            (no ring)
Will    .....        (no ring)
Stlth   ++           (no ring)
HPRegen 0.24/turn    (no ring)
MPRegen 0.08/turn    (no ring)
                     (no ring)

%: no passive effects
@: beast-form
A: beast (slay +2), almost no armour, amphibious, 8 rings, camouflage 1,
gelatinous body 1, (nimble swimmer 1), tentacles
a: Begin Untransformation, Renounce Religion


You were on level 2 of the Dungeon.
You worshipped Makhleb.
Makhleb was aware of your devotion.
You were a hulking beast.
You visited 1 branch of the dungeon, and saw 2 of its levels.

You collected 123 gold pieces.

Inventory:

Jewellery
 c - a ring of ice
Talismans
 b - a beast talisman
Scrolls
 d - a scroll of identify {unknown}
 f - a scroll of teleportation {unknown}
Potions
 a - 2 potions of lignification
 e - a potion of resistance {unknown}
 g - 2 potions of mutation {unknown}
 h - a potion of degeneration {unknown}
 i - a potion of might {unknown}
 j - a potion of enlightenment {unknown}


   Skills:
 + Level 2.4 Fighting
 - Level 2.0 Dodging
 * Level 2.9 Unarmed Combat
 + Level 3.2 Shapeshifting


You had 2 spell levels left.
You didn't know any spells.
Your spell library was empty.

Dungeon Overview and Level Annotations

Branches:
Dungeon (2/15)

Altars:
Makhleb


Innate Abilities, Weirdness & Mutations

You are a hulking beast.
Your limbs bulge with bestial killing power. (Slay +2)
You cannot wear most types of armour.
You are amphibious.
You can wear up to eight rings at the same time.
Your skin changes colour to match your surroundings (Stealth+).
Your rubbery body absorbs attacks. (AC +1, EV +1)
((You are camouflaged when in or above water. (Stealth+)))
You have tentacles for arms and can constrict up to eight enemies at once.


Message History

The bat misses you.
You miss the bat. You grab the bat. You squeeze the bat.
The bat is severely wounded.
You constrict the bat.
You kill the bat!
No target in view!
Found a stone staircase leading down.
A goblin comes into view. It is wielding a +0 dagger.
There is a stone staircase leading down here.
A goblin is nearby!
A goblin comes into view. It is wielding a +0 dagger.
Found a faded altar of an unknown god.
A quokka comes into view.
The helpless goblin fails to defend itself.
You bludgeon the goblin!
You kill the goblin!
Found a chain mail.
Things that are here:
a +0 dagger; a goblin corpse The helpless goblin fails to defend itself.
You bludgeon the goblin!
You kill the goblin!
You closely miss the quokka. You grab the quokka. You constrict the quokka.
The quokka bites you.
You barely miss the quokka.
The quokka is heavily wounded.
You constrict the quokka. The quokka closely misses you. The quokka bites you.
You tentacle-slap the quokka.
You kill the quokka!
No target in view!
You enter the deep water.
Found a demigod skeleton.
There is a faded altar of an unknown god here.
This altar belongs to (a) Uskayaw, (b) Makhleb or (c) Wu Jian, but you can't tell which.
Press the corresponding letter to learn more about a god, or press enter to convert or escape to cancel.
Makhleb accepts your prayer! Makhleb welcomes you!
You can now gain health from killing.
Unknown command.
Press < or > to pray at altars.
Are you sure you want to abandon this character and quit the game? (Confirm with "yes".)

#.# ....## #..#####....#÷
##.#.....#...##
##.........#....
#.#......[..#...
#...........#
#.....≈≈....#.. #
#...)≈.h≈......
#.#.....≈≈....#.....
#.#...........#....#
#.#.........#....# ...###
##..)......#.....##.#....
##.#.....#............#.
#..#####......#......#.
#.............#......#.
#......<......#......#.


There were no monsters in sight!

Vanquished Creatures
  2 worms (D:2)
  A dart slug (D:1)
  2 endoplasms
  A giant cockroach (D:1)
  4 goblins
  3 quokkas
  A ball python (D:1)
  3 bats
  2 kobolds (D:1)
  3 rats (D:1)
22 creatures vanquished.

Notes
Turn   | Place    | Note
-------+----------+-------------------------------------------
     0 | D:1      | LustLizard the Octopode Shapeshifter began the quest for
                  | the Orb.
     0 | D:1      | Reached XP level 1. HP: 14/14 MP: 1/1
   234 | D:1      | Reached XP level 2. HP: 14/19 MP: 2/2
   753 | D:2      | Reached XP level 3. HP: 17/25 MP: 3/3
   887 | D:2      | Found a faded altar of an unknown god.
   903 | D:2      | Prayed at the altar of an unknown god.
   903 | D:2      | Became a worshipper of Makhleb the Destroyer
   903 | D:2      | Reached * piety under Makhleb
   904 | D:2      | Quit the game

Illustrated notes

Levels and vault maps discovered:
D:1:      scummos_arrival_gate, layout_loops_ring
D:2:      layout_rooms, serial_shops, shop, nicolae_shop_gibbet_a_chance, shop,
          shapermc_ecumenical_altar_starsandcircs

Action                     || total
---------------------------++-------
  Melee: Unarmed           ||    38
         Constrict         ||    11
         Tentacles         ||     8
   Stab: Sleeping          ||     8
 Armour: Skin              ||     2
  Dodge: Dodged            ||    14

Table legend: (Time is in decaauts)
 A = Elapsed time spent in this place.
 B = Non-inter-level travel time spent in this place.
 C = Inter-level travel time spent in this place.
 D = Time resting spent in this place.
 E = Time spent auto-exploring this place.
 F = Levels seen in this place.
 G = Mean time per level.
                   A        B        C        D        E       F      G
               +--------+--------+--------+--------+--------+-----+--------+
         Total |    901 |    870 |     31 |     70 |    653 |   2 |  450.5 |
       Dungeon |    901 |    870 |     31 |     70 |    653 |   2 |  450.5 |
               +--------+--------+--------+--------+--------+-----+--------+

Top non-repeatable levels by time:
     D:1: 729 daAuts
     D:2: 172 daAuts
